 Dungeon Crawl Stone Soup version 0.25.0-26-g0c896c7088 (webtiles) character file.

Game seed: 16574219214559271948

2522 mortelune the Cleaver (level 9, -2/71 HPs)
             Began as a Formicid Abyssal Knight on July 5, 2020.
             Was a Believer of Lugonu.
             Killed themself with a badly aimed fireball (6 damage)
             ... on level 7 of the Dungeon.
             The game lasted 00:18:13 (11081 turns).

mortelune the Cleaver (Formicid Abyssal Knight)    Turns: 11081, Time: 00:18:14

Health: -2/71      AC:  7    Str: 21    XL:     9   Next: 84%
Magic:  13/13      EV: 11    Int: 11    God:    Lugonu [**....]
Gold:   437        SH:  0    Dex: 10    Spells: 8/8 levels left

rFire    . . .     SeeInvis +   a - +1 hand axe
rCold    . . .     Gourm    .   (no shield)
rNeg     . . .     Faith    .   y - +0 scale mail
rPois    .         Spirit   .   (helmet unavailable)
rElec    .         Reflect  .   (no cloak)
rCorr    .         Harm     .   (no gloves)
MR       .....                  (no boots)
Stlth    ..........             v - amulet of magic regeneration
HPRegen  0.21/turn              j - ring of flight
MPRegen  0.38/turn              l - ring of attention (curse)

@: no status effects
A: permanent stasis, dig shafts and tunnels, four strong arms, antennae 3
a: Dig, Shaft Self, Depart the Abyss, Bend Space, Renounce Religion, Evoke
Flight


You were on level 7 of the Dungeon.
You worshipped Lugonu.
Lugonu was pleased with you.
You were not hungry.

You visited 1 branch of the dungeon, and saw 7 of its levels.
You visited the Abyss 1 time.

You collected 437 gold pieces.

Inventory:

Hand Weapons
 a - a +1 hand axe (weapon)
Missiles
 o - 7 javelins (quivered)
Armour
 b - a +1 leather armour
 h - a +3 leather armour
 r - a +0 pair of gloves
 y - a +0 scale mail (worn)
Jewellery
 i - an uncursed amulet of faith
 j - a ring of flight (left hand)
 l - a cursed ring of attention (right hand)
 v - an amulet of magic regeneration (around neck)
Wands
 d - a wand of disintegration (4)
 p - a wand of flame (5)
 x - a wand of random effects (9)
Scrolls
 e - 2 scrolls of enchant armour
 f - a scroll of immolation {unknown}
 s - 2 scrolls of remove curse
 u - a scroll of fog {unknown}
Potions
 g - a potion of might {unknown}
 m - a potion of degeneration {unknown}
 n - 5 potions of brilliance
 q - a potion of berserk rage
 t - a potion of flight
 w - 2 potions of mutation
 z - a potion of lignification {unknown}
Comestibles
 c - 3 rations


   Skills:
 + Level 6.9 Fighting
 * Level 8.4 Axes
 * Level 4.9 Armour
 - Level 3.8 Dodging
 + Level 6.5 Invocations


You had 8 spell levels left.
You didn't know any spells.
Your spell library contained the following spells:

 Spells                   Type           Power        Failure   Level  Hunger
 Confusing Touch          Hex            #.......     95%         3    ####...
 Gell's Gravitas          Tloc           #.........   95%         3    ####...
 Petrify                  Tmut/Erth      #.......     100%        4    #####..
 Metabolic Englaciation   Hex/Ice        #.........   100%        5    ######.
 Yara's Violent Unravell  Hex/Tmut       #.........   100%        5    ######.


Dungeon Overview and Level Annotations

Branches:
Dungeon (7/15)             Temple (0/1) D:4

Altars:
Dithmenos
Xom


Innate Abilities, Weirdness & Mutations

You cannot be hasted, slowed, berserked, paralysed or teleported.
You can dig through walls and to a lower floor.
Your four strong arms can wield two-handed weapons with a shield.
You have a pair of large antennae on your head. (SInv)


Message History

The orc warrior hits you with a +0 flail!
* * * LOW HITPOINT WARNING * * *
You closely miss the orc warrior.
The orc warrior is heavily wounded.
You hit the orc warrior but do no damage.
The orc warrior is heavily wounded.
The orc warrior hits you but does no damage.
You barely miss the orc warrior.
The orc warrior is heavily wounded.
The orc warrior hits you with a +0 flail!
* * * LOW HITPOINT WARNING * * *
Okay, then.
Evoke which item? (* to show all) (? for menu, Esc to quit)
Aiming: Random Effects
Press: ? - help, Shift-Dir - straight line, f - orc warrior
Aim: an orc warrior, wielding a +0 flail and wearing a +0 chain mail (heavily wounded)
The fireball explodes!
The fireball engulfs the orc warrior.
The orc warrior is heavily wounded.
The fireball engulfs you.
You die...

...................[.#########
....#...##...###.#..##
.......###.#####.#..#
.......###.####..#..#
.>....##........##..#
......##..########..#####
..........##.....#......##
..........#..............##
.....##..))....o@.........#
.....##.##................#
......#(##................#
......c(##................#
.....#(.##................#
.....(.###................##
...#.(..###................##
###..#..# ##.....##.........#
.#..##..# #.######.........#


You could see an orc warrior.

Vanquished Creatures
  An ice beast (D:7)
  3 phantoms
  2 centaurs
  6 ogres
  A crocodile (D:7)
  3 bullfrogs (D:6)
  2 scorpions (D:6)
  A killer bee (D:7)
  A howler monkey (D:7)
  2 crimson imps (D:6)
  2 hounds
  2 orc priests
  2 centaur skeletons
  A jelly (D:7)
  2 orc wizards
  3 iguanas
  2 worker ants
  A hound zombie (D:5)
  A hound skeleton (D:4)
  3 gnolls (D:6)
  7 adders
  A shadow imp (D:5)
  2 oozes
  An adder zombie (D:5)
  A worm (D:3)
  3 dart slugs
  4 leopard geckos
  14 orcs
  8 giant cockroaches
  6 goblins
  7 hobgoblins
  19 jackals
  2 quokkas
  A ball python skeleton (D:4)
  10 bats
  6 frilled lizards
  A jackal skeleton (D:4)
  5 kobolds
  A quokka zombie (D:7)
  12 rats
152 creatures vanquished.

Vanquished Creatures (others)
  A wyvern (D:6)
  2 orc warriors
  2 sky beasts (D:6)
  2 killer bees (D:7)
  2 orcs (D:4)
9 creatures vanquished.

Grand Total: 161 creatures vanquished

Notes
Turn   | Place    | Note
-------+----------+-------------------------------------------
     0 | Abyss:1  | mortelune the Formicid Abyssal Knight began the quest for
                  | the Orb.
     0 | Abyss:1  | Reached XP level 1. HP: 18/18 MP: 2/2
   136 | D:1      | Escaped the Abyss
   574 | D:1      | Reached XP level 2. HP: 22/24 MP: 3/3
  1143 | D:1      | Reached XP level 3. HP: 29/29 MP: 4/4
  1171 | D:1      | Found a shimmering altar of Xom.
  1389 | D:2      | Reached ** piety under Lugonu
  1473 | D:2      | Reached skill level 3 in Axes
  1646 | D:2      | Reached XP level 4. HP: 32/37 MP: 5/5
  2559 | D:3      | Reached XP level 5. HP: 41/42 MP: 6/6
  3170 | D:3      | Reached *** piety under Lugonu
  3314 | D:4      | Noticed an ogre
  3379 | D:3      | Reached skill level 4 in Axes
  3525 | D:5      | Entered Level 5 of the Dungeon
  3534 | D:5      | Noticed a centaur
  3547 | D:5      | Killed a centaur
  3547 | D:5      | Reached XP level 6. HP: 34/49 MP: 6/8
  3701 | D:5      | Found a shadowy altar of Dithmenos.
  4601 | D:6      | Reached XP level 7. HP: 17/55 MP: 9/9
  4852 | D:6      | Reached skill level 5 in Axes
  5119 | D:4      | Found a staircase to the Ecumenical Temple.
  5717 | D:4      | Reached skill level 5 in Fighting
  5717 | D:4      | Reached skill level 1 in Dodging
  6091 | D:4      | Reached XP level 8. HP: 62/62 MP: 11/11
  6301 | D:4      | Reached skill level 6 in Axes
  7726 | D:6      | Reached skill level 5 in Invocations
  8316 | D:6      | Reached skill level 7 in Axes
  8316 | D:6      | Reached XP level 9. HP: 56/69 MP: 11/13
 10050 | D:7      | Reached skill level 8 in Axes
 11077 | D:7      | HP: 3/71 [orc warrior/+0 flail (10)]
 11081 | D:7      | Killed themself with a badly aimed fireball

Illustrated notes

Levels and vault maps discovered:
D:1:      dpeg_arrival_water_temple_mockup, layout_rooms, xom_teletrap_fun
D:2:      minmay_skewed_foursquare, layout_loops_ring, first_ration
D:3:      layout_loops_ring
D:4:      cheibrodos_old_hovel, layout_gridville, minmay_temple_entry_ruins
D:5:      layout_loops_corners, grunt_dithmenos_smoke
D:6:      layout_rooms
D:7:      layout_rooms

Skill      XL: |  1  2  3  4  5  6  7  8  9 |
---------------+----------------------------+-----
Axes           | 3 4 5 7 8 |  8.4
Armour         | 3 4 |  4.9
Fighting       | 4 5 6 |  6.9
Invocations    | 3 4 5 6 |  6.5
Dodging        | 1 2 3 |  3.8

Action                   |  1- 3 |  4- 6 |  7- 9 || total
-------------------------+-------+-------+-------++-------
Melee: Hand axe          |   153 |   238 |   454 ||   845
Throw: Javelin           |       |       |     4 ||     4
Invok: Banish            |       |       |     9 ||     9
Evoke: Wand              |       |       |    22 ||    22
  Use: Scroll            |     5 |     5 |     3 ||    13
       Potion            |       |       |     8 ||     8
 Stab: Sleeping          |       |     1 |       ||     1
       Confused          |       |       |     1 ||     1
  Eat: Chunk             |     3 |     9 |     7 ||    19
       Ration            |       |       |     5 ||     5
Armor: Leather armour    |    78 |   106 |    90 ||   274
       Scale mail        |       |       |    19 ||    19
Dodge: Dodged            |   128 |   164 |   267 ||   559
